 Dungeon Crawl Stone Soup version 0.27.1-33-g824d729ab1 (webtiles) character file.

Game seed: 17726060426646353956

3 jlumianski the Ducker (level 1, 0/23 HPs)
             Began as a Gnoll Monk on Dec 23, 2021.
             Frozen to death by an endoplasm (1 damage)
             ... on level 1 of the Dungeon.
             The game lasted 00:00:33 (62 turns).

jlumianski the Ducker (Gnoll Monk)                    Turns: 62, Time: 00:00:34

Health: 0/23       AC:  2    Str: 10    XL:     1   Next: 50%
Magic:  1/1        EV: 14    Int:  9    God:
Gold:   0          SH:  0    Dex: 14    Spells: 0/0 levels left

rFire    . . .     SeeInvis .   c - +1 dagger (elec)
rCold    . . .     Faith    .   (no shield)
rNeg     . . .     Spirit   .   b - +0 robe
rPois    .         Reflect  .   (no helmet)
rElec    .         Harm     .   (no cloak)
rCorr    .         Rampage  .   (no gloves)
Will     .....                  (no boots)
Stlth    +++.......             (no amulet)
HPRegen  0.07/turn              (no ring)
MPRegen  0.07/turn              (no ring)

@: no status effects
A: fangs 1, strong nose, distributed training
a: no special abilities


You were on level 1 of the Dungeon.
You visited 1 branch of the dungeon, and saw 1 of its levels.

Inventory:

Hand Weapons
 a - a +0 hand axe
 c - a +1 dagger of electrocution (weapon)
Armour
 b - a +0 robe (worn)


   Skills:
 + Level 6.4 Fighting
 + Level 0.0 Short Blades
 + Level 0.0 Long Blades
 + Level 6.4 Axes
 + Level 0.0 Maces & Flails
 + Level 0.0 Polearms
 + Level 0.0 Staves
 + Level 0.0 Slings
 + Level 0.0 Bows
 + Level 0.0 Crossbows
 + Level 0.0 Throwing
 + Level 0.0 Armour
 + Level 6.4 Dodging
 + Level 4.0 Stealth
 + Level 0.0 Shields
 + Level 0.0 Unarmed Combat
 + Level 0.0 Spellcasting
 + Level 0.0 Conjurations
 + Level 0.0 Hexes
 + Level 0.0 Summonings
 + Level 0.0 Necromancy
 + Level 0.0 Translocations
 + Level 0.0 Transmutations
 + Level 0.0 Fire Magic
 + Level 0.0 Ice Magic
 + Level 0.0 Air Magic
 + Level 0.0 Earth Magic
 + Level 0.0 Poison Magic
 + Level 0.1 Invocations
 + Level 0.0 Evocations


You couldn't memorise any spells.
You didn't know any spells.
Your spell library was empty.

Dungeon Overview and Level Annotations

Branches:
Dungeon (1/15)

Altars:


Innate Abilities, Weirdness & Mutations

You have very sharp teeth.
Your uncanny sense of smell can sniff out nearby items.
Your experience applies equally to all skills.


Message History

The kobold is severely wounded.
The kobold completely misses you.
You hit the kobold.
You kill the kobold!
You see here a +0 dagger.
You see here a +0 dagger.
A frilled lizard comes into view.
Found 8 gold pieces.
An endoplasm comes into view.
A goblin and a kobold come into view.
The goblin is wielding a +1 dagger of electrocution.
The goblin shouts!
The frilled lizard misses you.
You hit the frilled lizard.
You kill the frilled lizard!
You see here a frilled lizard corpse.
The endoplasm quivers.
The goblin hits you with a +1 dagger of electrocution.
You are electrocuted!
Ouch! That really hurt!
* * * LOW HITPOINT WARNING * * *
The goblin hits you with a +1 dagger of electrocution.
* * * LOW HITPOINT WARNING * * *
You barely miss the goblin. The goblin completely misses you.
You slash the goblin!
You kill the goblin!
Things that are here:
a +1 dagger of electrocution; a goblin corpse
c - a +1 dagger of electrocution You hear the crackle of electricity.
c - a +1 dagger of electrocution (weapon)
You hit the endoplasm.
The endoplasm is moderately wounded.
The endoplasm hits you.
* * * LOW HITPOINT WARNING * * *
You hit the endoplasm.
The endoplasm is almost dead.
The endoplasm freezes you.
You are frozen.
You die...
PPPPPPPP..# .....# PPPPPPPPP.# #....#### ....PPPPP.# #.!......
PPPP.rPPPr# #.# ....PP.PP## #†# ..
PPP..P.PP#

#.###$.# P.PP..P.P#
#......#
.P.PP.P.P########J###..#
PPP.P.....##..).@.# ..
.P.PP.P.P.r..######
P.PP.PP..###.#


PPP.PP.PP# #.# ...P.P.PP# #.# ∆ PPPP....P# #.# ...[PPPPP# .#. ∆ PPPPPPPPP. # #
PPPPPPP You could see an endoplasm and a rat.

Vanquished Creatures
  A goblin (D:1)
  A kobold (D:1)
  A frilled lizard (D:1)
3 creatures vanquished.

Vanquished Creatures (others)
  33 plants (D:1)
33 creatures vanquished.

Grand Total: 36 creatures vanquished

Notes
Turn   | Place    | Note
-------+----------+-------------------------------------------
     0 | D:1      | jlumianski the Gnoll Monk began the quest for the Orb.
     0 | D:1      | Reached XP level 1. HP: 23/23 MP: 1/1
    53 | D:1      | HP: 1/23 [goblin (3)]
    61 | D:1      | HP: 1/23 [endoplasm (1)]
    62 | D:1      | Frozen to death by an endoplasm

Illustrated notes

Levels and vault maps discovered:
D:1:      roderic_crop_circles_arrival_small, layout_loops_ring,
          shapermc_ecumenical_altar_pompeii, minmay_misc_feat_nine_boxes,
          minmay_box_of_dots

Action                   || total
-------------------------++-------
Melee: Hand axe          ||    10
       Dagger            ||     2
       Bite              ||     1
Armor: Robe              ||     1
Dodge: Dodged            ||     6
